[Event "SS Manhem Chess Week 2019 Goteborg Open"]
[Site "Molnlycke kulturhus, Biblioteksgatan 2, Molnlycke, Sweden"]
[Date "2019.08.16"]
[Round "4.10"]
[White "Torngren, Gustav"]
[Black "Welin, Mats"]
[Result "1-0"]
[TimeControl "15 minutes + 5 seconds per move from move one (Round 1 - 4) / 90 minutes + 30 seconds per move from move one (Round 5 - 8)"]
[BlackTitle "FM"]
[WhiteFideId "1728970"]
[BlackFideId "1705180"]
[WhiteElo "2061"]
[BlackElo "2310"]

1. c4 Nf6 2. Nc3 c5 3. g3 e6 4. Nf3 b6 5. Bg2 Bb7 6. O-O Be7 7. d4 cxd4 8. Qxd4 d6 9. Bg5 a6 10.
Rfd1 Nbd7 11. Nd2 Bxg2 12. Kxg2 Qc7 13. Nde4 O-O 14. Nxd6 Qc6+ 15. Nde4 Nc5 16. Kg1 Rfd8 17. Qe3 Rxd1+ 18. Rxd1 Ncxe4 19. Nxe4 Qxc4 20. Nxf6+ gxf6 21. Bxf6 Bxf6 22. Qf3 Rc8 23. Qxf6 Qxe2 24. Rd4 e5 25. Qg5+ Kf8 26. Rd8+ Rxd8 27. Qxd8+ Kg7 28. Qxb6 Qe1+ 29. Kg2 Qe4+ 30. f3 Qd3 31. Qc5 Qd2+ 32. Qf2 Qd3 33. b3 a5 34. Qb2 f6 35. Kf2 h5 36. h4 Qd1 37. Kg2 Qd3 38. a3 e4 39. fxe4 Qxe4+ 40. Kh2 Qd5 41. Qc2 f5 42. b4 axb4 43. axb4 Kf6 44. Qc3+ Ke6 45. Qc8+ Kf6 1-0

[Event "SS Manhem Chess Week 2019 Goteborg Open"]
[Site "Molnlycke kulturhus, Biblioteksgatan 2, Molnlycke, Sweden"]
[Date "2019.08.16"]
[Round "4.11"]
[White "Ziegler, Ari"]
[Black "Svensson, Leif"]
[Result "1-0"]
[TimeControl "15 minutes + 5 seconds per move from move one (Round 1 - 4) / 90 minutes + 30 seconds per move from move one (Round 5 - 8)"]
[WhiteTitle "IM"]
[WhiteFideId "1700987"]
[BlackFideId "1702459"]
[WhiteElo "2300"]
[BlackElo "2027"]

1. e4 e5 2. Nf3 Nf6 3. Nxe5 Nxe4 4.
Qe2 Qe7 5. Qxe4 d6 6. d4 dxe5 7. dxe5 Nc6 8.
f4 Bg4 9. Nc3 O-O-O 10. Be3 Qb4 11. Qxb4 Nxb4 12. Rc1 Bf5 13. Kf2 Bxc2 14. Kf3 Bd3 15. Bxd3 Nxd3 16. Rc2 a6 17. a3 g5 18.
g3 gxf4 19. gxf4 Rg8 20. Ne4 Be7 21. Rd2 Rd7 22. Rhd1 Rgd8 23. b4 Nb2 24. Rxd7 Rxd7 25. Rxd7 Kxd7 26. Bc5 b6 27. Bxe7 Kxe7 28.
Nf6 Nc4 29. a4 c6 30. Nxh7 a5 31. bxa5 bxa5 32. Nf6 Nb2 33. h4 Kf8 34. Nd7+ Kg7 35. Nc5 Nc4 36. Ke4 Nd2+ 37. Kf5 Nf3 38. h5 Nh4+ 39. Ke4 Kh6 40. Nb7 Kxh5 41. Nxa5 1-0

[Event "SS Manhem Chess Week 2019 Goteborg Open"]
[Site "Molnlycke kulturhus, Biblioteksgatan 2, Molnlycke, Sweden"]
[Date "2019.08.16"]
[Round "4.12"]
[White "Olsson, William"]
[Black "Castrillon Gomez, Melissa"]
[Result "0-1"]
[TimeControl "15 minutes + 5 seconds per move from move one (Round 1 - 4) / 90 minutes + 30 seconds per move from move one (Round 5 - 8)"]
[BlackTitle "WIM"]
[WhiteFideId "1741721"]
[BlackFideId "4402413"]
[WhiteElo "2015"]
[BlackElo "2227"]

1. c4 e5 2. Nc3 Nc6 3. g3 g6 4. Bg2 Bg7 5. d3 d6 6. e3 Be6 7. Nge2 Qd7 8. h3 Nge7 9. a3 O-O 10. b4 a6 11. Bb2 f5 12.
Nd5 Rae8 13. O-O Nd8 14. Nxe7+ Rxe7 15. Kh2 c6 16. Rb1 g5 17. f4 gxf4 18. exf4 e4 19. Bxg7 Rxg7 20. Nd4 d5 21. c5 Rf6 22. dxe4 fxe4 23. Rb3 Bf7 24. f5 Be8 25. Rf4 Qf7 26. Qf1 Bd7 27. h4 Qe7 28. Qf2 Nf7 29. Bh3 Ne5 30.
Qe2 h6 31. Rf1 Nd3 32. Qe3 Kh7 33. Rg1 Bc8 34. Rg2 Qc7 35. Rb1 Ne5 36. Qe2 Nc4 37. Rb3 Qe5 38. Ne6 Bxe6 39. fxe6 Qc7 40.
a4 Ne5 41. b5 0-1

[Event "SS Manhem Chess Week 2019 Goteborg Open"]
[Site "Molnlycke kulturhus, Biblioteksgatan 2, Molnlycke, Sweden"]
[Date "2019.08.16"]
[Round "4.13"]
[White "Johnson, Daniel"]
[Black "Wiklund, Johan"]
[Result "1-0"]
[TimeControl "15 minutes + 5 seconds per move from move one (Round 1 - 4) / 90 minutes + 30 seconds per move from move one (Round 5 - 8)"]
[WhiteFideId "1721283"]
[BlackFideId "1713817"]
[WhiteElo "2201"]
[BlackElo "1956"]

1. b3 e5 2. Bb2 Nc6 3. e3 g6 4. d4 exd4 5. exd4 Bg7 6. Nf3 d6 7. h3 Nge7 8. Bd3 O-O 9. O-O Nb4 10. Be2 Bf5 11. Na3 Re8 12. c3 Nbd5 13. Qd2 a5 14. Rfe1 Qd7 15.
Rad1 Bxh3 16. gxh3 Qxh3 17. Nh2 Bh6 18. Qd3 Qd7 19. Bg4 f5 20. Bf3 Nf4 21. Qf1 g5 22. d5 g4 23. Bg2 Neg6 24.
Bc1 Nh4 25. Bxf4 Bxf4 26. Re6 Qg7 27. Qe1 Kf7 28. Rd3 Qg5 29. Nb5 Rg8 30. Qe2 Rac8 31. Nf1 Rg7 32. Ng3 Be5 33. Rxe5 dxe5 34.
Qxe5 Rgg8 35. Qe6+ Kg7 36. d6 f4 37. Ne4 Qg6 38. Qe5+ Kf7 39. d7 Rcd8 40. Nbd6+ cxd6 41. Nxd6+ Kf8 42.
Be4 Qg7 43. Qe8+ Rxe8 44. dxe8=R# 1-0

[Event "SS Manhem Chess Week 2019 Goteborg Open"]
[Site "Molnlycke kulturhus, Biblioteksgatan 2, Molnlycke, Sweden"]
[Date "2019.08.16"]
[Round "4.14"]
[White "Westerlund, Ola"]
[Black "Arnelind, Mikael"]
[Result "0-1"]
[TimeControl "15 minutes + 5 seconds per move from move one (Round 1 - 4) / 90 minutes + 30 seconds per move from move one (Round 5 - 8)"]
[WhiteFideId "1712101"]
[BlackFideId "1704290"]
[WhiteElo "1845"]
[BlackElo "2187"]

1. d4 Nf6 2. c4 e6 3. Nf3 b6 4. Nc3 Bb4 5. Bg5 Bb7 6.
e3 h6 7.
Bh4 g5 8. Bg3 Ne4 9. Qc2 d6 10. Bd3 Bxc3+ 11. bxc3 f5 12. d5 exd5 13. Nd4 dxc4 14. Bxc4 Qf6 15. f3 Nxg3 16. hxg3 Nd7 17. Qxf5 O-O-O 18. Be6 Qg7 19.
a4 a5 20. Bd5 Qe5 21. Bxb7+ Kxb7 22. Kf2 Qxf5 23. Nxf5 h5 24. Ng7 Nf6 25. Ne6 Rdg8 26. Rad1 Rh6 27. Rd3 Nd7 28. Nd4 Nc5 29.
Rdd1 Nxa4 30. Nf5 Rh7 31. Rd3 Nb2 32. Rd4 a4 33. g4 h4 34. Rb1 a3 35. Ra1 Ra8 36. Ke2 h3 37. gxh3 Rxh3 38. Rb4 Rh2+ 0-1

[Event "SS Manhem Chess Week 2019 Goteborg Open"]
[Site "Molnlycke kulturhus, Biblioteksgatan 2, Molnlycke, Sweden"]
[Date "2019.08.16"]
[Round "4.15"]
[White "Pham, Bich Ngoc"]
[Black "Mitra, Akash"]
[Result "1-0"]
[TimeControl "15 minutes + 5 seconds per move from move one (Round 1 - 4) / 90 minutes + 30 seconds per move from move one (Round 5 - 8)"]
[WhiteTitle "WIM"]
[WhiteFideId "12401285"]
[BlackFideId "1726714"]
[WhiteElo "2176"]
[BlackElo "1937"]

1. f4 e5 2. fxe5 d6 3. exd6 Bxd6 4. Nf3 Bg4 5. g3 h5 6. c3 Nf6 7.
d4 Ne4 8. Qd3 Qe7 9. Nbd2 f5 10. Nc4 Nd7 11. Nxd6+ Qxd6 12. Bf4 Qb6 13. Qc2 Rg8 14. h3 g5 15. Nxg5 Nxg5 16. hxg4 fxg4 17.
Rxh5 Nf7 18. Qe4+ Kd8 19. Qd5 Qxb2 20. Rc1 Rf8 21. Rf5 Ke7 22. Qe4+ Kd8 23. Qe6 Nd6 24. Bg5+ Nf6 25. Bxf6+ Rxf6 26.
Qxf6+ Kd7 27. Qg7+ Kc6 28. Rc5+ Kb6 29. Qxc7+ Ka6 30. Qxd6+ b6 31. e3+ 1-0

[Event "SS Manhem Chess Week 2019 Goteborg Open"]
[Site "Molnlycke kulturhus, Biblioteksgatan 2, Molnlycke, Sweden"]
[Date "2019.08.16"]
[Round "4.16"]
[White "Troberg Eskola, Love"]
[Black "Tenold, Andreas"]
[Result "1-0"]
[TimeControl "15 minutes + 5 seconds per move from move one (Round 1 - 4) / 90 minutes + 30 seconds per move from move one (Round 5 - 8)"]
[WhiteFideId "1724185"]
[BlackFideId "1525840"]
[WhiteElo "2134"]
[BlackElo "1795"]

1. d4 Nf6 2. Nc3 d5 3. Bf4 Bf5 4. f3 e6 5. g4 Bg6 6. h4 h6 7. Nb5 Na6 8. e3 c6 9. Nc3 Bd6 10.
Bxa6 bxa6 11. Nge2 c5 12. Na4 cxd4 13. exd4 Bxf4 14. Nxf4 Qc7 15. Nxg6 Qg3+ 16. Kd2 fxg6 17. Qe2 Kf7 18.
Rae1 Rhe8 19. Nc5 Qd6 20. Nd3 Kg8 21. Kc1 Rac8 22. c3 a5 23.
Kb1 Nd7 24. h5 g5 25. Rhf1 a4 26. a3 Rb8 27. Ka1 Nb6 28. Ne5 Nd7 29. Nd3 Nb6 30. Rc1 Nc4 31. Rfe1 Rb3 32. Rc2 Kh8 33.
Nc5 Rb6 34. Nxa4 Ra6 35. Nc5 Rb6 36. Qd3 Na5 37. b4 Nc4 38. a4 a5 39. b5 Qe7 40. Rce2 Rd6 41. Ka2 Nb6 42. Kb3 Nd7 43.
Nxe6 Rxe6 44. Rxe6 Qxe6 45. Rxe6 Rxe6 46. Qf5 Rd6 47. Kc2 Nf6 48. Qc8+ Kh7 49. Qc7 Re6 50. Qxa5 Re3 51. b6 1-0

[Event "SS Manhem Chess Week 2019 Goteborg Open"]
[Site "Molnlycke kulturhus, Biblioteksgatan 2, Molnlycke, Sweden"]
[Date "2019.08.16"]
[Round "4.17"]
[White "Malmstig, Erik"]
[Black "Kvarby, Anders"]
[Result "1-0"]
[TimeControl "15 minutes + 5 seconds per move from move one (Round 1 - 4) / 90 minutes + 30 seconds per move from move one (Round 5 - 8)"]
[WhiteTitle "FM"]
[WhiteFideId "1702866"]
[BlackFideId "1746596"]
[WhiteElo "2335"]
[BlackElo "1864"]

1. d4 d5 2. c4 e6 3. Nc3 f5 4. Bf4 Nf6 5. e3 Bd6 6. Nh3 O-O 7. c5 Be7 8. f3 c6 9. b4 Nh5 10.
Be5 Nd7 11. f4 Nhf6 12. Be2 Ne4 13. Rc1 b5 14. Nxe4 fxe4 15. O-O a5 16. a3 Nf6 17. Kh1 Bd7 18. g4 Be8 19. Qd2 Nd7 20.
Ra1 a4 21. Rg1 Bg6 22. Raf1 Nxe5 23. dxe5 h6 24. Qd4 Bh4 25. Rg2 Bh7 26. Bd1 Qe7 27. Ng1 g5 28. Ne2 Rf7 29. Qd2 Raf8 30.
Nd4 Qe8 31. Bc2 Kh8 32. Kg1 gxf4 33. exf4 e3 34. Qxe3 Bxc2 35. Nxc2 Bg5 36. Rgf2 Bh4 37. Rf3 Rg7 38. h3 Rfg8 39. Kh2 Rxg4 40. hxg4 Qg6 41.
f5 1-0

[Event "SS Manhem Chess Week 2019 Goteborg Open"]
[Site "Molnlycke kulturhus, Biblioteksgatan 2, Molnlycke, Sweden"]
[Date "2019.08.16"]
[Round "4.18"]
[White "Carlfors, Viktor"]
[Black "Axelsson, Henrik"]
[Result "1-0"]
[TimeControl "15 minutes + 5 seconds per move from move one (Round 1 - 4) / 90 minutes + 30 seconds per move from move one (Round 5 - 8)"]
[WhiteFideId "1740725"]
[BlackFideId "1703382"]
[WhiteElo "1820"]
[BlackElo "1984"]

1. d4 Nf6 2. Nf3 d5 3. Bf4 e6 4.
e3 c5 5.
c3 Nc6 6. Nbd2 Qb6 7. Qb3 c4 8. Qc2 a5 9. a4 Be7 10. h3 O-O 11. Be2 h6 12. O-O Ne8 13. e4 f5 14. exd5 exd5 15.
Ne5 g5 16. Bh2 Rf6 17. Bf3 Be6 18. Rae1 Nxe5 19. Bxe5 Rg6 20. Bh5 Rg7 21. Bxg7 Nxg7 22. Bf3 Kf7 23. Re5 Kf6 24. Bxd5 Bxd5 25.
Rxd5 Ne6 26. Qxf5+ Kg7 27. Nxc4 Qc6 28. Ne5 Nd8 29. Rxd8 1-0

[Event "SS Manhem Chess Week 2019 Goteborg Open"]
[Site "Molnlycke kulturhus, Biblioteksgatan 2, Molnlycke, Sweden"]
[Date "2019.08.17"]
[Round "5.1"]
[White "Golubka, Petro"]
[Black "Wiedenkeller, Michael"]
[Result "1/2-1/2"]
[TimeControl "15 minutes + 5 seconds per move from move one (Round 1 - 4) / 90 minutes + 30 seconds per move from move one (Round 5 - 8)"]
[WhiteTitle "IM"]
[BlackTitle "IM"]
[WhiteFideId "14114224"]
[BlackFideId "1700146"]
[WhiteElo "2479"]
[BlackElo "2456"]

1. d4 Nf6 2. c4 e6 3. Nc3 Bb4 4. Bg5 h6 5. Bh4 c5 6. d5 exd5 7. cxd5 d6 8. e3 Nbd7 9. Bd3 O-O 10. Nge2 a6 11.
O-O b5 12. a3 Ba5 13. Qb1 Bb7 14. b4 Bb6 15. Bf5 Qc7 16. Rd1 Rfe8 17. Ra2 Kh8 18. Rad2 Ng8 19. Rc1 Ne5 20. Rdd1 Ne7 21.
Be4 Rac8 22. Bg3 Nc4 23. Qa2 Qd7 24. Bd3 cxb4 25. axb4 Nf5 26. Bxf5 Qxf5 27.
Nd4 Qd7 28. Bf4 Ne5 29. Bxe5 1/2-1/2

[Event "SS Manhem Chess Week 2019 Goteborg Open"]
[Site "Molnlycke kulturhus, Biblioteksgatan 2, Molnlycke, Sweden"]
[Date "2019.08.17"]
[Round "5.2"]
[White "Le, Quang Long"]
[Black "Carlsson, Ludvig"]
[Result "1-0"]
[TimeControl "15 minutes + 5 seconds per move from move one (Round 1 - 4) / 90 minutes + 30 seconds per move from move one (Round 5 - 8)"]
[WhiteTitle "IM"]
[BlackTitle "CM"]
[WhiteFideId "12401749"]
[BlackFideId "1727010"]
[WhiteElo "2411"]
[BlackElo "2234"]

1. Nf3 Nf6 2. c4 c5 3. g3 d5 4. cxd5 Nxd5 5. Bg2 Nc6 6. Nc3 Nc7 7. a3 g6 8. d3 Bg7 9. Be3 b6 10.
Qa4 Bd7 11. Qh4 Nd4 12. Nxd4 cxd4 13. Bxd4 e5 14. Qxd8+ Rxd8 15. Be3 Ne6 16. Rc1 O-O 17. O-O Nd4 18. Bxd4 exd4 19. Nd5 Rfe8 20.
Rfe1 Bg4 21. Kf1 Re5 22. Nb4 Rde8 23. Rc2 Bh6 24. h3 Bf5 25. Rd1 Rc5 26. Rxc5 bxc5 27. Nc6 Bd7 28. b4 cxb4 29.
axb4 Bxc6 30. Bxc6 Rc8 31. b5 Rc7 32. Ra1 Kf8 33. Ra4 Bg7 34. e3 dxe3 35. fxe3 Ke7 36. g4 Kd6 37. Ke2 Re7 38.
d4 f5 39. gxf5 gxf5 40. Kd3 Rc7 41. Ra6 Ke7 42. Bd5 Rd7 43. Be6 Rb7 44. Kc4 Rc7+ 45. Kd5 f4 46. exf4 Rb7 47. Kc4 Bh6 48.
f5 Rc7+ 49. Kd3 Bg7 50. Ke4 Rb7 51. Bd5 Rd7 52. Re6+ Kf7 53. h4 Re7 54. h5 Rxe6+ 55. Bxe6+ Ke7 56. Kd5 Kd8 57.
h6 Bxh6 58. f6 Bg5 59. Ke5 Bd2 60. Bf5 h5 61. d5 h4 62. d6 Bh6 63. Ke6 Bf4 64. Bg4 Be3 65. Kf7 Bf4 66. d7 Be5 67.
Kg6 Bd6 68. Kh7 Bf8 69. Kg8 Bh6 70. Bh3 Bg5 71. f7 1-0

[Event "SS Manhem Chess Week 2019 Goteborg Open"]
[Site "Molnlycke kulturhus, Biblioteksgatan 2, Molnlycke, Sweden"]
[Date "2019.08.17"]
[Round "5.4"]
[White "Ziegler, Ari"]
[Black "Blomqvist, Erik"]
[Result "0-1"]
[TimeControl "15 minutes + 5 seconds per move from move one (Round 1 - 4) / 90 minutes + 30 seconds per move from move one (Round 5 - 8)"]
[WhiteTitle "IM"]
[BlackTitle "GM"]
[WhiteFideId "1700987"]
[BlackFideId "1709437"]
[WhiteElo "2300"]
[BlackElo "2507"]

1. e4 c5 2. Nf3 e6 3. d4 cxd4 4. Nxd4 a6 5. Nc3 b5 6. g3 Bb7 7. Bg2 Nf6 8. O-O b4 9. Na4 Bxe4 10.
Bxe4 Nxe4 11. Re1 Nc5 12. c3 Nxa4 13. Qxa4 Be7 14. Bf4 O-O 15. Rad1 bxc3 16. bxc3 Qb6 17. Bxb8 Rfxb8 18. Qxd7 Rb7 19.
Qa4 Bf6 20. Re3 Rc8 21. Ne2 h6 22. h4 Rbc7 23. Qc2 Rc4 24. Rb1 Qc6 25. Rb3 Ra4 26. Qb1 Ra5 27. Qb2 Rd8 28. Rb8 Rxb8 29.
Qxb8+ Kh7 30. Qb1+ g6 31. Nf4 Rb5 32. Qc2 Qb7 33. Re1 h5 34. a4 Rc5 35. c4 Qb4 36. Re4 Rf5 37. Nd3 Qa3 38.
Rf4 Rxf4 39. Nxf4 Bd4 40. Kg2 Qc5 41. Nd3 Qc6+ 42. f3 e5 43. Nb4 Qd6 44. Nd5 Qa3 45. Nf6+ Kg7 46. Ne4 Qa1 47.
Nf2 Bc5 48. Nh3 a5 49. f4 exf4 50. gxf4 Qf6 51. Kg3 Qe6 52. Kh2 Bd4 53. Qd3 Bf6 54. f5 Qe5+ 55. Kg2 Qb2+ 56. Kf3 Qh2 57.
Nf4 Qh1+ 58. Ke3 Qxh4 59. fxg6 Be5 60. Nd5 fxg6 61. Qe4 Qe1+ 62. Kf3 Qg3+ 63. Ke2 h4 64. c5 h3 65. c6 Kh6 66.
Ne3 Kg5 67. Qd5 Kh6 68. Qe4 Kh5 69. Qd5 Kh4 70. Qf7 h2 71. Qh7+ Kg5 72. Qe7+ Kh6 73. c7 h1=Q 0-1

[Event "SS Manhem Chess Week 2019 Goteborg Open"]
[Site "Molnlycke kulturhus, Biblioteksgatan 2, Molnlycke, Sweden"]
[Date "2019.08.17"]
[Round "5.5"]
[White "Castrillon Gomez, Melissa"]
[Black "Hector, Jonny"]
[Result "0-1"]
[TimeControl "15 minutes + 5 seconds per move from move one (Round 1 - 4) / 90 minutes + 30 seconds per move from move one (Round 5 - 8)"]
[WhiteTitle "WIM"]
[BlackTitle "GM"]
[WhiteFideId "4402413"]
[BlackFideId "1700090"]
[WhiteElo "2227"]
[BlackElo "2493"]

1. d4 d5 2. c4 c6 3. Nf3 Nf6 4. e3 Bf5 5. Nc3 e6 6. Nh4 Be4 7. f3 Bg6 8. Qb3 Qc7 9. Bd2 Be7 10.
g3 Nbd7 11. cxd5 exd5 12. Nxg6 hxg6 13. e4 Nb6 14. e5 Nh7 15. O-O-O Nf8 16. Kb1 Ne6 17. Be3 a5 18. f4 a4 19.
Qc2 a3 20. b3 Bb4 21. Bd3 Nd7 22. Rc1 Qa5 23. Ne2 O-O-O 24. g4 Rh3 25. f5 Rxe3 26. fxe6 fxe6 27. Nf4 Nf8 28. Qf2 Bd2 29.
Rcd1 g5 30. Rxd2 gxf4 31. Rc1 Qb4 32. Bc2 g5 33. Rd3 Nd7 34. h4 gxh4 35. Qxf4 Rg3 36. Rxg3 hxg3 37. Qe3 Rf8 38. Bd1 g2 39.
Bf3 Rxf3 40. Qxf3 Qd2 0-1

[Event "SS Manhem Chess Week 2019 Goteborg Open"]
[Site "Molnlycke kulturhus, Biblioteksgatan 2, Molnlycke, Sweden"]
[Date "2019.08.17"]
[Round "5.6"]
[White "Ahlander, Bjorn"]
[Black "Johnson, Daniel"]
[Result "1-0"]
[TimeControl "15 minutes + 5 seconds per move from move one (Round 1 - 4) / 90 minutes + 30 seconds per move from move one (Round 5 - 8)"]
[WhiteTitle "IM"]
[WhiteFideId "1700251"]
[BlackFideId "1721283"]
[WhiteElo "2390"]
[BlackElo "2201"]

1. d4 d5 2. c4 e6 3. Nc3 Be7 4. cxd5 exd5 5. Bf4 c6 6. Qc2 Nf6 7. f3 O-O 8. g4 c5 9. e3 cxd4 10.
exd4 Nc6 11. Nge2 Be6 12. Bg2 Rc8 13. O-O b5 14. Qd2 a6 15. Bg3 Nd7 16. Kh1 Nb6 17. b3 Re8 18. h3 Kh8 19.
Rac1 Qd7 20. Nf4 Ba3 21. Rcd1 Bb4 22. Nd3 Bxc3 23. Qxc3 Ne7 24. Nc5 Qa7 25. Qa5 Ra8 26. Rfe1 Nc6 27.
Qd2 Nd7 28. Rc1 Rac8 29. f4 Nxc5 30. Rxc5 f5 31. gxf5 Bf7 32. Rxe8+ Bxe8 33. Bxd5 Ne7 34. Rxc8 Nxc8 35. Qe3 Qd7 36.
Be6 Qe7 37. Qc3 Nd6 38. Qc5 Qb7+ 39. d5 Qe7 40. f6 gxf6 41. f5 Nxf5 42. Qxe7 Nxe7 43. d6 Nc6 44. d7 Bg6 45. Bd5 Nd8 46.
Bc7 1-0

[Event "SS Manhem Chess Week 2019 Goteborg Open"]
[Site "Molnlycke kulturhus, Biblioteksgatan 2, Molnlycke, Sweden"]
[Date "2019.08.17"]
[Round "5.7"]
[White "Arnelind, Mikael"]
[Black "Kockum, Anton Frisk"]
[Result "1/2-1/2"]
[TimeControl "15 minutes + 5 seconds per move from move one (Round 1 - 4) / 90 minutes + 30 seconds per move from move one (Round 5 - 8)"]
[BlackTitle "FM"]
[WhiteFideId "1704290"]
[BlackFideId "1709143"]
[WhiteElo "2187"]
[BlackElo "2367"]

1. d4 f5 2. Nc3 d5 3. Bg5 c6 4. e3 Qb6 5. a3 Nd7 6. Bd3 Ndf6 7. b4 Ne4 8. Na4 Qd8 9. Bf4 Ngf6 10. f3 Nd6 11. Ne2 g6 12.
O-O Bg7 13. Nc5 O-O 14. c3 a5 15. Nb3 a4 16. Nc5 b5 17. Be5 g5 18. Qe1 h6 19. h4 Nh5 20. hxg5 hxg5 21. Ng3 Qe8 22.
Nxh5 Qxh5 23. Qg3 Nf7 24. Bxg7 Kxg7 25. Qc7 g4 26. fxg4 fxg4 27. Qxe7 g3 28. Qf6+ Kg8 29. Qg6+ Qxg6 30.
Bxg6 Nd6 31. Rxf8+ Kxf8 32. Rf1+ Ke7 33. e4 dxe4 34. Bxe4 Bd7 35. Bd3 Rg8 36. Rf3 Be8 37. Re3+ Kd8 38. Ne6+ Kd7 39. Nf4 Bf7 40. Be2 Rg5 41.
Re5 Rg7 42. Nd3 Bd5 43. Re3 Kc8 44. Ne5 Kc7 45. Bf3 Nf5 46. Rd3 Kd6 47. Bg4 Nh6 48. Bf3 1/2-1/2

[Event "SS Manhem Chess Week 2019 Goteborg Open"]
[Site "Molnlycke kulturhus, Biblioteksgatan 2, Molnlycke, Sweden"]
[Date "2019.08.17"]
[Round "5.8"]
[White "Nilsson, Joakim"]
[Black "Pham, Bich Ngoc"]
[Result "1/2-1/2"]
[TimeControl "15 minutes + 5 seconds per move from move one (Round 1 - 4) / 90 minutes + 30 seconds per move from move one (Round 5 - 8)"]
[WhiteTitle "FM"]
[BlackTitle "WIM"]
[WhiteFideId "1723383"]
[BlackFideId "12401285"]
[WhiteElo "2319"]
[BlackElo "2176"]

1. d4 f5 2. Bg5 g6 3. Nc3 Bg7 4. e4 fxe4 5. Nxe4 Nf6 6. Nxf6+ exf6 7. Be3 d6 8. Bd3 Nc6 9. Ne2 Nb4 10.
Bc4 Bf5 11. Bb3 c6 12. Ng3 Bd7 13. c3 Nd5 14. Bxd5 cxd5 15. Qf3 Be6 16. Ne2 g5 17. Ng3 Qd7 18. Nh5 O-O 19. Nxg7 Qxg7 20.
h4 h6 21. Qg3 Rad8 22. Kf1 Bf5 23. Re1 Rfe8 24. hxg5 fxg5 25. Qf3 Bd3+ 26. Kg1 Re4 27. Qh3 Kh7 28. Qf5+ Qg6 29. Qxd5 Rd7 30.
Qb3 d5 31. Qd1 Rh4 32. Qf3 Be4 33. Qg3 Qh5 34. Rh2 Rxh2 35. Qxh2 Qg4 36. Qg3 Qxg3 37. fxg3 Kg6 38. Bc1 b5 39.
Bd2 1/2-1/2

[Event "SS Manhem Chess Week 2019 Goteborg Open"]
[Site "Molnlycke kulturhus, Biblioteksgatan 2, Molnlycke, Sweden"]
[Date "2019.08.17"]
[Round "5.9"]
[White "Troberg Eskola, Love"]
[Black "Rydstrom, Tom"]
[Result "1/2-1/2"]
[TimeControl "15 minutes + 5 seconds per move from move one (Round 1 - 4) / 90 minutes + 30 seconds per move from move one (Round 5 - 8)"]
[BlackTitle "FM"]
[WhiteFideId "1724185"]
[BlackFideId "1714830"]
[WhiteElo "2134"]
[BlackElo "2314"]

1. d4 Nf6 2. Nc3 d5 3. Bf4 a6 4. e3 Bf5 5. f3 c5 6. g4 Bg6 7. h4 h6 8. Bd3 Bxd3 9. Qxd3 Nc6 10.
Nge2 e6 11. Kf2 Bd6 12. Rad1 cxd4 13. exd4 Bxf4 14. Nxf4 Qd6 15. Qe3 O-O-O 16. Nd3 h5 17. g5 Nd7 18. Qf4 Qe7 19. Rhe1 Nf8 20.
Na4 Qc7 21. Qxc7+ Kxc7 22. Nf4 Ne7 23. Kg3 Nfg6 24. Nxg6 Nxg6 25. Nc5 Rhe8 26. f4 a5 27. Rd2 Ne7 28. c3 b6 29. Nd3 f6 30.
Rde2 Kd7 31. Kh3 Nf5 32. a4 Rc8 33. Rg2 Rc4 34. Ra1 e5 35. gxf6 gxf6 36. fxe5 fxe5 37. Rf1 Ne3 38. Rg7+ Kc8 39.
Rff7 exd4 40. Ra7 Kb8 41. Rgb7+ Kc8 42. Rh7 Kb8 43. Rhb7+ 1/2-1/2

[Event "SS Manhem Chess Week 2019 Goteborg Open"]
[Site "Molnlycke kulturhus, Biblioteksgatan 2, Molnlycke, Sweden"]
[Date "2019.08.17"]
[Round "5.10"]
[White "Malmstig, Erik"]
[Black "Torngren, Gustav"]
[Result "0-1"]
[TimeControl "15 minutes + 5 seconds per move from move one (Round 1 - 4) / 90 minutes + 30 seconds per move from move one (Round 5 - 8)"]
[WhiteTitle "FM"]
[WhiteFideId "1702866"]
[BlackFideId "1728970"]
[WhiteElo "2335"]
[BlackElo "2061"]

1. d4 e6 2. c4 b6 3. Nc3 Bb7 4. a3 f5 5. f3 Bd6 6. Be3 f4 7. Bf2 Nh6 8. Qd2 O-O 9. Nh3 Qf6 10.
Nb5 a5 11. Nxd6 cxd6 12. g3 fxg3 13. hxg3 Nc6 14. Ng5 a4 15. Ne4 Qe7 16. g4 Rfc8 17. Bg3 Nf7 18. Qd3 Na5 19. Nd2 g6 20. Bh4 Qf8 21. e4 g5 22.
Bg3 Qg7 23. Be2 Ba6 24. Rc1 b5 25. Qc3 bxc4 26. Qxa5 c3 27. Rxc3 Bxe2 28. Kxe2 Rcb8 29. Qc7 Qxd4 30. Bf2 Qf6 31.
Rb1 d5 32. Bg3 d4 33. Rc5 d6 34. Bxd6 d3+ 35. Ke1 Qd4 36. Nc4 Qg1+ 37. Kd2 Qxb1 38. Be7 Qc2+ 39. Ke3 Qe2+ 40. Kd4 Qf2+ 41.
Ne3 d2 42. Kd3 Rd8+ 43. Bxd8 Rxd8+ 44. Qxd8+ Nxd8 45. Rc2 Qxe3+ 46. Kxe3 d1=Q 47. Rd2 Qe1+ 48. Re2 Qa5 0-1

[Event "SS Manhem Chess Week 2019 Goteborg Open"]
[Site "Molnlycke kulturhus, Biblioteksgatan 2, Molnlycke, Sweden"]
[Date "2019.08.17"]
[Round "5.11"]
[White "Petersson, Baldur Teodor"]
[Black "Johansson, Roy"]
[Result "1-0"]
[TimeControl "15 minutes + 5 seconds per move from move one (Round 1 - 4) / 90 minutes + 30 seconds per move from move one (Round 5 - 8)"]
[WhiteTitle "CM"]
[WhiteFideId "2309157"]
[BlackFideId "1745972"]
[WhiteElo "2255"]
[BlackElo "1976"]

1. e4 e6 2. d3 c5 3. Nf3 Nc6 4. g3 d6 5. Bg2 g6 6. O-O Bg7 7. c3 Nge7 8. d4 cxd4 9. cxd4 d5 10.
e5 O-O 11. Nc3 Qb6 12. b3 Bd7 13. Na4 Qd8 14. h4 h6 15. Nc5 Bc8 16. Qd2 b6 17. Nd3 a5 18. Ba3 Ba6 19. Rfc1 Rc8 20.
Rc2 Qd7 21. Bf1 Qa7 22. Rac1 Rfe8 23. Nb2 Bxf1 24. Kxf1 Qa6+ 25. Qe2 Qb7 26. Na4 Nf5 27. Bb2 Na7 28. Rxc8 Rxc8 29. Rxc8+ Nxc8 30.
Qb5 Bf8 31. Nc5 Qc7 32. Nd7 Be7 33. Nf6+ Bxf6 34. Qe8+ Kg7 35. exf6+ Kxf6 36. Ne5 Ncd6 37. Nd7+ Kg7 38. Qf8+ Kh7 39.
Nf6# 1-0

[Event "SS Manhem Chess Week 2019 Goteborg Open"]
[Site "Molnlycke kulturhus, Biblioteksgatan 2, Molnlycke, Sweden"]
[Date "2019.08.17"]
[Round "5.12"]
[White "Ask, Josef"]
[Black "Carlfors, Viktor"]
[Result "1-0"]
[TimeControl "15 minutes + 5 seconds per move from move one (Round 1 - 4) / 90 minutes + 30 seconds per move from move one (Round 5 - 8)"]
[WhiteTitle "FM"]
[WhiteFideId "1704583"]
[BlackFideId "1740725"]
[WhiteElo "2136"]
[BlackElo "1820"]

1. e4 c6 2. d4 d5 3. exd5 cxd5 4. c4 Nf6 5. Nc3 Nc6 6. Bg5 dxc4 7. d5 Ne5 8. Qd4 Nd3+ 9. Bxd3 cxd3 10.
Nf3 d2+ 11. Kxd2 a6 12. Rhe1 Bf5 13. Bxf6 gxf6 14. Qxf6 Rg8 15. Qxf5 Qb6 16. Ne5 Bh6+ 17. Kc2 Rxg2 18. Re2 Rg7 19.
Rae1 Bg5 20. Qd7+ Kf8 21. d6 Rd8 22. dxe7+ Bxe7 23. Qf5 Qc7 24. Kb1 f6 25. Ng4 Rf7 26. Nd5 Qd7 27. Nxe7 Rxe7 28.
Qxf6+ Kg8 29. Nh6# 1-0